 Dungeon Crawl Stone Soup version 0.28-a0-664-gc179e30c89 (webtiles) character file.

Game seed: 10617793419547976752

247977 timneilson the Peltast (level 19, -1/123 HPs)
             Began as a Gargoyle Fighter on Oct 16, 2021.
             Was a High Priest of Okawaru.
             Slain by a vampire knight (7 damage)
             ... on level 1 of the Depths.
             The game lasted 01:45:08 (42636 turns).

timneilson the Peltast (Gargoyle Fighter)          Turns: 42636, Time: 01:45:09

Health: -1/123     AC: 52    Str: 29 (30) XL:     19   Next: 55%
Magic:  6/28       EV: 12    Int:  7 (9)  God:    Okawaru [*****.]
Gold:   2392       SH: 21    Dex:  8 (9)  Spells: 18/18 levels left

rFire   + + +      SeeInvis .   f - +10 scimitar of Enilazar {flame, Str+2}
rCold   + + +      Faith    .   G - +1 kite shield {rPois}
rNeg    + . .      Spirit   .   H - +1 plate armour {rC+}
rPois   ∞          Reflect  +   s - +2 helmet of Caustic Life {rF+ rC+}
rElec   +          Harm     .   r - +1 cloak
rCorr   .          Rampage  .   V - +2 pair of gloves
Will    +....                   X - +0 pair of boots of Mef Nua {rF++}
Stlth   ..........              z - amulet of reflection
HPRegen 0.30/turn               h - +4 ring of protection
MPRegen 0.21/turn               N - ring "Gocsyb" {rF+ rC+}

@: heroic, finesse-ful, flying, studying 2 skills, unable to read
A: sickness immunity, AC +14, big wings, negative energy resistance 1,
electricity resistance, torment resistance 1, petrification resistance
}: 2/15 runes: decaying, serpentine
a: Renounce Religion, Heroism, Finesse, Duel


You were on level 1 of the Depths.
You worshipped Okawaru.
Okawaru was extremely pleased with you.
You visited 6 branches of the dungeon, and saw 32 of its levels.
You visited the Abyss 1 time.
You also visited: Gauntlet.

You collected 4229 gold pieces.
You spent 1837 gold pieces at shops.

Inventory:

Hand Weapons
 f - the +10 scimitar of Enilazar (weapon) {flame, Str+2}
   (Okawaru gifted it to you on level 2 of the Orcish Mines)

   It burns those it strikes, dealing additional fire damage.
   Big, fiery blades are also staple armaments of hydra-hunters.
   Str:       It affects your strength (+2).
 x - a +3 scimitar
 K - a +3 double sword of flaming
Armour
 r - a +1 cloak (worn)
 s - the +2 helmet of Caustic Life (worn) {rF+ rC+}
   (You found it on level 7 of the Dungeon)

   rF:        It protects you from fire.
   rC:        It protects you from cold.
 t - the +2 hat of the Bear Spirit {Spirit, *Rage rN+ Will++}
   (Okawaru gifted it to you on level 11 of the Dungeon)

   rN:        It protects you from negative energy.
   *Rage:     It berserks you when you make melee attacks (+20% chance).
   Will:      It greatly increases your willpower.
 G - a +1 kite shield of poison resistance (worn)
 H - a +1 plate armour of cold resistance (worn)
 S - the +1 fire dragon scales of Undesirable Species {Harm rPois rF++ rC- Int-3}
   (Okawaru gifted it to you on level 3 of the Abyss)

   Int:       It affects your intelligence (-3).
   rF:        It greatly protects you from fire.
   rC:        It makes you vulnerable to cold.
   rPois:     It protects you from poison.
   Harm:      It increases damage dealt and taken.
 V - a +2 pair of gloves (worn)
 X - the +0 pair of boots of Mef Nua (worn) {rF++}
   (Okawaru gifted it to you on level 4 of the Swamp)

   rF:        It greatly protects you from fire.
Jewellery
 a - an amulet of regeneration
 h - a +4 ring of protection (left hand)
 k - a ring of willpower
 z - an amulet of reflection (around neck)
 D - a ring of willpower
 M - a ring of protection from fire
 N - the ring "Gocsyb" (right hand) {rF+ rC+}
   (You found it in a Gauntlet)

   [ring of protection from cold]

   rF:        It protects you from fire.
   rC:        It protects you from cold.
 Y - the amulet "Vocaur" {RegenMP *Corrode +Blink rElec rN+++ Stlth+}
   (You found it on level 3 of the Abyss)

   [amulet of magic regeneration]

   It increases your rate of magic regeneration.
   rElec:     It insulates you from electricity.
   rN:        It renders you almost immune to negative energy.
   +Blink:    It lets you blink.
   *Corrode:  It may corrode you when you take damage.
   Stlth:     It makes you more stealthy.
Wands
 d - a wand of polymorph (7)
 i - a wand of flame (61)
 n - a wand of iceblast (20)
 y - a wand of mindburst (12)
 J - a wand of digging (6)
 L - a wand of acid (16)
 U - a wand of paralysis (21)
Scrolls
 b - 9 scrolls of teleportation
 c - 3 scrolls of magic mapping
 p - 2 scrolls of silence
 A - 2 scrolls of enchant armour
 E - 3 scrolls of enchant weapon
 F - a scroll of fog
 I - 14 scrolls of identify
 P - a scroll of holy word
 Q - 4 scrolls of fear
 T - 2 scrolls of blinking
Potions
 e - 11 potions of mutation
 g - 8 potions of lignification
 l - 4 potions of resistance
 m - 4 potions of attraction
 o - 11 potions of haste
 q - 11 potions of might
 v - 12 potions of curing
 w - 7 potions of berserk rage
 B - a potion of invisibility
 C - 2 potions of magic
 W - a potion of brilliance
Miscellaneous
 u - a tin of tremorstones (2/2)
 O - a condenser vane
 R - a lightning rod (4/4)


   Skills:
 + Level 14.8(19.8) Fighting
 * Level 14.8(19.8) Long Blades
 * Level 17.6(22.6) Armour
 + Level 9.7(14.7) Dodging
 * Level 17.6(22.6) Shields
 + Level 12.1 Invocations
 + Level 10.4 Evocations


You had 18 spell levels left.
You didn't know any spells.
Your spell library contained the following spells:

 Spells                   Type           Power      Damage    Failure   Level
 Beastly Appendage        Tmut           0%         N/A       86%         1
 Pain                     Necr           0%         1d4       86%         1
 Sandblast                Erth           0%         2d4       86%         1
 Shock                    Conj/Air       0%         1d3       86%         1
 Corpse Rot               Necr/Air       N/A        N/A       95%         2
 Passwall                 Tmut/Erth      0%         N/A       95%         2
 Scorch                   Fire           0%         2d5       95%         2
 Static Discharge         Conj/Air       0%         N/A       95%         2
 Wereblood                Tmut           0%         N/A       95%         2
 Conjure Flame            Conj/Fire      0%         6-21      99%         3
 Dazzling Flash           Conj/Hex       0%         N/A       99%         3
 Ignite Poison            Fire/Tmut/Pois 0%         N/A       99%         3
 Portal Projectile        Hex/Tloc       0%         N/A       99%         3
 Spider Form              Tmut/Pois      0%         N/A       99%         3
 Stone Arrow              Conj/Erth      0%         3d7       99%         3
 Swiftness                Air            0%         N/A       99%         3
 Airstrike                Air            0%         N/A       100%        4
 Dispel Undead            Necr           0%         3d6       100%        4
 Iskenderun's Mystic Bla  Conj/Tloc      0%         2d3       100%        4
 Leda's Liquefaction      Hex/Erth       0%         N/A       100%        4
 Petrify                  Tmut/Erth      0%         N/A       100%        4
 Sticky Flame             Conj/Fire      0%         2d3       100%        4
 Agony                    Necr           0%         N/A       100%        5
 Excruciating Wounds      Necr           0%         N/A       100%        5
 Fireball                 Conj/Fire      0%         3d3       100%        5
 Lee's Rapid Deconstruct  Erth           0%         3d5*      100%        5
 Lightning Bolt           Conj/Air       0%         1d11      100%        5
 Metabolic Englaciation   Hex/Ice        0%         N/A       100%        5
 Eringya's Noxious Bog    Tmut/Pois      0%         N/A       100%        6
 Invisibility             Hex            0%         N/A       100%        6
 Starburst                Conj/Fire      0%         6d3       100%        6
 Ignition                 Fire           0%         3d3       100%        8
 Maxwell's Capacitive Co  Air            0%         ∞         100%        8
 Call Canine Familiar     Summ           Unusable   N/A       N/A         3
 Summon Forest            Summ/Tloc      Unusable   N/A       N/A         5
 Death Channel            Necr           Unusable   N/A       N/A         6
 Statue Form              Tmut/Erth      Unusable   N/A       N/A         6
 Summon Hydra             Summ           Unusable   N/A       N/A         7

Dungeon Overview and Level Annotations

Branches:
Dungeon (15/15)            Temple (0/1) D:7            Lair (6/6) D:9
  Swamp (4/4) Lair:4        Snake (4/4) Lair:4        Slime (0/5) Lair:6
    Orc (2/2) D:9             Elf (0/3) Orc:2        Vaults (0/5) D:13
 Depths (1/4) D:15        Gauntlet (visited)

Altars:
Elyvilon
Fedhas
Gozag
Hepliaklqana
Kikubaaqudgha
Makhleb
Nemelex Xobeh
Okawaru
Qazlal
Ru
Sif Muna
Trog
Uskayaw
Wu Jian
Xom
Yredelemnul
The Shining One
Lugonu

Shops:
D:6 (   D:11 !   D:13 ?   Orc:2 !*:*   Snake:1 ([*   Snake:2 !(=(

Portals:
Abyss: D:8 Lair:6

Annotations:
Swamp:2 2 transporters, Ateukk's ghost, adept MiGl


Innate Abilities, Weirdness & Mutations

You are immune to sickness and miasma.
Your stone body is resilient. (AC +14)
You are immune to poison.
Your large and strong wings let you fly.
You resist negative energy. (rN+)
You are resistant to electric shocks. (rElec)
You are resistant to unholy torment.
You are immune to petrification.


Message History

* * * LOW HITPOINT WARNING * * *
Something hits you.
* * * LOW HITPOINT WARNING * * *
Something bites you.
* * * LOW HITPOINT WARNING * * *
Your plate armour prevents you from hitting the spriggan rider.
You slash the spriggan rider! You burn the spriggan rider.
The spriggan rider is moderately wounded.
You block the spriggan rider's attack. The spriggan rider blocks your attack.
The spriggan rider is moderately wounded.
You block something's attack. Something bites you but does no damage.
You block the spriggan rider's attack.
You slice the spriggan rider!!
You kill the hornet!
Okawaru accepts your kill.
The spriggan falls from its now dead mount.
You burn the spriggan.
The spriggan is heavily wounded.
You feel the corruption within you wane completely.
You can once more read scrolls while threatened.
You closely miss the spriggan.
The spriggan is heavily wounded.
Something hits you.
* * * LOW HITPOINT WARNING * * *
You block something's attack.
Unknown command.
You slash something! You burn something! You block the spriggan rider's attack.
You slice something!! You burn something. You block the spriggan's attack.
Something hits you but does no damage. Something bites you.
* * * LOW HITPOINT WARNING * * *
Unknown command.
You hit something. You burn something.
The spriggan rider hits you from afar with a +0 spear.
* * * LOW HITPOINT WARNING * * *
Unknown command.
You hit the spriggan. You burn the spriggan.
The spriggan is severely wounded.
Something hits you!
You die...

.# .# .. .# .#
###+## .#
#....#######i#
########..)....{@.#
§.....##..###..##.#
......'...# ##.#
.i' §.....##.## #+#
###.. §.....##.#
... ......##.# ..
......+... .
......##..
......#####


You could see a spriggan rider and a spriggan.

Vanquished Creatures
  Jorgrun (D:12)
  2 tentacled monstrosities (Swamp:4)
  2 quicksilver dragons (Snake:4)
  The ghost of lunkers the Warrior, an adept DjCA of Ignis (Snake:4)
  A tentacled starspawn (Abyss:3)
  Roxanne (Swamp:1)
  2 thorn hunters
  6 fenstrider witches
  11 nagarajas
  The ghost of Fuubb the Unseen, an adept OpMo of Dithmenos (Swamp:1)
  The ghost of Timpunn the Zephyrmancer, a journeyman PaAE of the Shining One (Swamp:3)
  A cacodemon (Gauntlet)
  The ghost of Bacito the Eclecticist, an adept DECj of Vehumet (Snake:4)
  3 ghouls
  4 very ugly things (Abyss:2)
  2 stone giants (Depths:1)
  Nessos (Lair:4)
  3 bunyips
  A minotaur (Gauntlet)
  2 green deaths (Swamp:4)
  11 eleionomae
  2 ettins (Depths:1)
  Fannar (Lair:2)
  A great orb of eyes (Depths:1)
  A vault guard (D:13)
  A shambling mangrove (Swamp:3)
  Harold (D:11)
  Erolcha (Orc:2)
  3 boulder beetles
  6 naga warriors
  21 hydras
  3 spriggan air magi
  2 centaur warriors
  7 ogre magi
  3 ghost crabs
  A catoblepas (Lair:6)
  A death knight (D:15)
  11 anacondas
  2 death yaks
  2 thrashing horrors (Lair:6)
  9 alligators
  24 two-headed ogres
  3 spriggan berserkers
  Nergalle (Lair:2)
  9 naga sharpshooters
  Urug (Lair:2)
  7 shock serpents
  Sonja (Orc:1)
  A wretched star (Depths:1)
  2 soul eaters
  2 death drakes (Swamp:4)
  A sixfirhy (Swamp:4)
  3 salamander mystics (Snake:4)
  A shadow wraith (D:13)
  4 goliath frogs
  A spatial maelstrom (Abyss:3)
  4 spriggan druids (Swamp:4)
  5 swamp dragons
  6 sea snakes
  9 naga ritualists
  The ghost of jasper the Destroyer, a novice DsCj (D:8)
  2 bog bodies
  5 wizards
  2 phantasmal warriors (Depths:1)
  A wolf spider zombie (D:15)
  A mana viper (shapeshifter) (Depths:1)
  2 necromancers
  A deep elf zephyrmancer (Swamp:4)
  A deep elf pyromancer (D:15)
  10 mana vipers
  3 cyclopes
  5 orc sorcerers
  7 will-o-the-wisps
  5 ugly things
  A worldbinder (D:8)
  7 salamanders
  4 manticores
  A toenail golem (D:8)
  36 black mambas
  3 torpor snails
  11 guardian serpents
  14 naga magi
  3 smoke demons
  5 large abominations
  An orange demon (Swamp:4)
  3 elephants (Lair:6)
  2 gargoyles
  11 cane toads
  4 rime drakes (Lair:4)
  3 efreet (Abyss:3)
  An unseen horror (Abyss:3)
  7 komodo dragons
  A hellwing (Swamp:4)
  5 ancient zymes
  5 trolls
  12 tyrant leeches
  3 meliai (D:15)
  3 polar bears
  A wolf spider simulacrum (D:15)
  Grinder (D:3)
  7 hornets
  36 blink frogs
  8 slime creatures
  A shadow (D:11)
  A yak (shapeshifter) (Lair:6)
  5 wyverns
  5 spriggans
  2 wraiths
  36 yaks
  Sigmund (D:3)
  A tarantella (shapeshifter) (Lair:6)
  2 ynoxinuls
  Eustachio (D:4)
  3 fire bats (Abyss:3)
  A hog (shapeshifter) (Lair:6)
  5 basilisks
  2 neqoxecs
  4 chaos spawn
  10 vampire mosquitoes
  Menkaure (D:4)
  35 nagas
  14 swamp worms
  A warg (Orc:2)
  A spatial vortex (Abyss:3)
  2 acid dragons
  20 water moccasins
  9 orc warriors
  2 black bears
  5 swamp drakes
  A hornet zombie (D:15)
  A sky beast (D:6)
  An ice beast (D:5)
  8 centaurs
  5 necrophages
  28 ogres
  21 wolves
  12 small abominations
  A phantom (D:6)
  2 kobold brigands
  4 bullfrogs
  2 wyvern zombies
  34 wights
  The ghost of cheechan the Skirmisher, a weakling OpBe of Trog (D:4)
  4 electric eels
  5 centaur zombies
  A bullfrog zombie (D:6)
  2 hounds
  9 starcursed masses (Abyss:3)
  2 iron imps (Gauntlet)
  Crazy Yiuf (D:4)
  A gnoll shaman (D:5)
  A human zombie (D:4)
  7 orc priests
  A bullfrog skeleton (D:5)
  A jelly (Lair:6)
  24 orc wizards
  5 iguanas
  Ijyb (D:4)
  Terence (D:2)
  A scorpion zombie (D:4)
  A killer bee zombie (D:6)
  2 hound zombies (D:4)
  A hound skeleton (D:4)
  A howler monkey zombie (D:4)
  10 gnolls
  8 adders
  2 shadow imps
  2 white imps
  An ufetubus (D:7)
  2 adder skeletons
  An adder zombie (D:4)
  2 worms
  The ghost of jsc15 the Sneak, a weakling BaDe (D:5)
  A dart slug (D:1)
  40 orcs
  9 ball pythons
  10 endoplasms
  3 giant cockroaches
  3 hobgoblins
  4 jackals (D:2)
  4 quokkas
  10 bats
  2 frilled lizards (D:1)
  4 goblins
  16 kobolds
  A quokka skeleton (D:4)
  4 rats
  A lurking horror (Abyss:3)
971 creatures vanquished.

Vanquished Creatures (others)
  A bunyip (Swamp:2)
  A thrashing horror (Abyss:3)
  A hornet (Swamp:2)
  A tyrant leech (Swamp:2)
  A spriggan (Swamp:2)
  A swamp worm (Swamp:2)
  An orc wizard (D:5)
  24 foxfires
  44 fungi
  54 plants
  2 starspawn tentacles (Abyss:3)
131 creatures vanquished.

Grand Total: 1102 creatures vanquished

Notes
Turn   | Place    | Note
-------+----------+-------------------------------------------
     0 | D:1      | timneilson the Gargoyle Fighter began the quest for the
                  | Orb.
     0 | D:1      | Reached XP level 1. HP: 14/14 MP: 1/1
   226 | D:1      | Reached XP level 2. HP: 19/19 MP: 2/2
   859 | D:2      | Reached XP level 3. HP: 23/23 MP: 3/3
   950 | D:2      | Reached XP level 4. HP: 24/28 MP: 4/4
  1051 | D:2      | Noticed Terence
  1071 | D:2      | Killed Terence
  1319 | D:2      | Found a faded altar of an unknown god.
  1653 | D:2      | Identified a scroll of acquirement
  1653 | D:2      | Acquired 1259 gold pieces
  1710 | D:3      | Noticed Sigmund
  1719 | D:3      | Killed Sigmund
  1720 | D:3      | Reached skill level 1 in Dodging
  1720 | D:3      | Reached XP level 5. HP: 15/33 MP: 5/5
  1720 | D:3      | Reached XP level 6. HP: 17/38 MP: 6/6
  2009 | D:3      | Found a shimmering altar of Xom.
  2203 | D:3      | Noticed Grinder
  2223 | D:3      | Killed Grinder
  2224 | D:3      | Reached skill level 5 in Armour
  2224 | D:3      | Reached skill level 5 in Shields
  2224 | D:3      | Reached XP level 7. HP: 35/43 MP: 7/7
  2434 | D:3      | Found an iron altar of Okawaru.
  2442 | D:3      | Became a worshipper of Warmaster Okawaru
  2912 | D:4      | Noticed Menkaure
  2923 | D:4      | Killed Menkaure
  3253 | D:4      | Found a runed translucent gate.
  3254 | D:4      | Noticed cheechan's ghost (weakling OpBe)
  3255 | D:4      | Found a runed translucent gate.
  3256 | D:4      | Found a runed translucent gate.
  3268 | D:4      | Noticed Ijyb
  3279 | D:4      | Killed Ijyb
  3280 | D:4      | Reached skill level 1 in Invocations
  3599 | D:4      | Reached skill level 1 in Evocations
  3722 | D:4      | Noticed Eustachio
  3745 | D:4      | Killed Eustachio
  3745 | D:4      | Reached * piety under Okawaru
  3746 | D:4      | Reached XP level 8. HP: 39/48 MP: 7/9
  4298 | D:4      | Found a basalt altar of Yredelemnul.
  4515 | D:4      | Found a runed translucent door.
  4516 | D:4      | Noticed Crazy Yiuf
  4530 | D:4      | Killed Crazy Yiuf
  4635 | D:5      | Entered Level 5 of the Dungeon
  4645 | D:5      | Reached skill level 5 in Fighting
  4774 | D:5      | Found a burning altar of Makhleb.
  4781 | D:5      | Reached skill level 5 in Long Blades
  4837 | D:5      | Reached XP level 9. HP: 48/54 MP: 10/10
  4901 | D:5      | Reached ** piety under Okawaru
  5513 | D:5      | Noticed jsc15's ghost (weakling BaDe)
  5541 | D:5      | Found a sparkling altar of Nemelex Xobeh.
  5600 | D:5      | Found a stormy altar of Qazlal.
  5600 | D:5      | Found an opulent altar of Gozag.
  5609 | D:5      | Found a sacrificial altar of Ru.
  5611 | D:5      | Found a shimmering blue altar of Sif Muna.
  5613 | D:5      | Found a white marble altar of Elyvilon.
  5665 | D:5      | Found an ancient bone altar of Kikubaaqudgha.
  5758 | D:5      | Found a transporter.
  5761 | D:5      | Found a transporter.
  6151 | D:6      | Found Mieroiwaca's Weapon Boutique.
  6544 | D:6      | Found a hazy altar of Hepliaklqana.
  7196 | D:6      | Reached *** piety under Okawaru
  7619 | D:7      | Reached XP level 10. HP: 40/60 MP: 12/12
  7744 | D:7      | Identified the +2 helmet of Caustic Life {rF+ rC+}
  7896 | D:7      | Found a bloodstained altar of Trog.
  7946 | D:7      | You fall into a shaft and drop 2 floors!
  7998 | D:7      | Found a staircase to the Ecumenical Temple.
  8276 | D:7      | Found an ornate altar of the Wu Jian Council.
  8756 | D:8      | Noticed a toenail golem
  8767 | D:8      | Found a transporter.
  8767 | D:8      | Noticed a worldbinder
  9150 | D:8      | Found a transporter.
  9150 | D:8      | Found a one-way gate to the infinite horrors of the Abyss.
  9150 | D:8      | Noticed jasper's ghost (novice DsCj)
  9441 | D:9      | Reached **** piety under Okawaru
  9934 | D:9      | Found a staircase to the Orcish Mines.
 10229 | D:9      | Reached ***** piety under Okawaru
 10263 | D:9      | Reached XP level 11. HP: 36/66 MP: 11/14
 10532 | D:9      | Found a staircase to the Lair.
 10541 | D:9      | Noticed a two-headed ogre
 10556 | D:9      | Killed a two-headed ogre
 10557 | D:9      | Reached skill level 5 in Invocations
 10908 | D:10     | Entered Level 10 of the Dungeon
 10916 | D:10     | Found a blossoming altar of Fedhas.
 10973 | D:10     | Identified the +7 whip of Destiny {speed, Dex+4 SInv}
 11659 | D:11     | Got the Disquisition on the Ashen Arsonist
 11684 | D:11     | Noticed a two-headed ogre
 11699 | D:11     | Killed a two-headed ogre
 11752 | D:11     | Found Otucs's Distillery.
 11760 | D:11     | Bought a potion of might for 52 gold pieces
 11760 | D:11     | Bought a potion of attraction for 39 gold pieces
 11760 | D:11     | Bought a potion of haste for 130 gold pieces
 11760 | D:11     | Bought a potion of haste for 130 gold pieces
 11760 | D:11     | Bought a potion of heal wounds for 65 gold pieces
 11760 | D:11     | Bought a potion of curing for 39 gold pieces
 11760 | D:11     | Bought a potion of berserk rage for 65 gold pieces
 11760 | D:11     | Bought a potion of haste for 130 gold pieces
 11760 | D:11     | Bought a potion of heal wounds for 65 gold pieces
 11760 | D:11     | Bought a potion of haste for 130 gold pieces
 11760 | D:11     | Bought a potion of experience for 650 gold pieces
 11760 | D:11     | Bought a potion of might for 52 gold pieces
 11760 | D:11     | Reached skill level 10 in Armour
 11760 | D:11     | Reached skill level 5 in Dodging
 11760 | D:11     | Reached skill level 10 in Shields
 11760 | D:11     | Reached skill level 5 in Evocations
 11760 | D:11     | Reached XP level 12. HP: 72/72 MP: 16/16
 11784 | D:11     | Noticed a six-headed hydra
 11787 | D:11     | Killed a six-headed hydra
 11818 | D:11     | Received a gift from Okawaru
 11818 | D:11     | Found the +2 hat of the Bear Spirit {Spirit, *Rage rN+
                  | Will++}
 12469 | D:11     | Noticed Harold
 12488 | D:11     | Killed Harold
 12753 | Lair:1   | Entered Level 1 of the Lair of Beasts
 13091 | Lair:1   | Noticed a four-headed hydra
 13094 | Lair:1   | Killed a four-headed hydra
 13096 | Lair:1   | Noticed an eight-headed hydra
 13129 | Lair:1   | Killed an eight-headed hydra
 13130 | Lair:1   | Reached XP level 13. HP: 29/78 MP: 16/18
 14354 | Lair:2   | Noticed Nergalle
 14363 | Lair:2   | Killed Nergalle
 14482 | Lair:2   | Found a bloodstained altar of Trog.
 14804 | Lair:2   | Noticed Fannar
 14833 | Lair:2   | Killed Fannar
 14980 | Lair:2   | Received a gift from Okawaru
 15832 | Lair:2   | Noticed Urug
 15850 | Lair:2   | Killed Urug
 16384 | Lair:3   | Found a gate leading to a gauntlet.
 16431 | Gauntlet | Entered a Gauntlet
 16431 | Gauntlet | Found a transporter.
 16431 | Gauntlet | Found a transporter.
 16437 | Gauntlet | Found a transporter.
 16437 | Gauntlet | Found a transporter.
 16439 | Gauntlet | Found a large runed translucent door.
 16440 | Gauntlet | Found a large runed translucent door.
 16441 | Gauntlet | Found a large runed translucent door.
 16441 | Gauntlet | Found a large runed translucent door.
 16441 | Gauntlet | Found a runed translucent door.
 16442 | Gauntlet | Found a large runed translucent door.
 16444 | Gauntlet | Found a transporter.
 16458 | Gauntlet | Found a large runed translucent door.
 16459 | Gauntlet | Found a large runed translucent door.
 16460 | Gauntlet | Found a large runed translucent door.
 16461 | Gauntlet | Found a runed translucent gate.
 16469 | Gauntlet | Found a transporter.
 16470 | Gauntlet | Noticed a cacodemon
 16473 | Gauntlet | Found a transporter.
 16473 | Gauntlet | Found a transporter.
 16477 | Gauntlet | Found a transporter.
 16479 | Gauntlet | Noticed an entropy weaver
 16504 | Gauntlet | Found a transporter.
 16506 | Gauntlet | Found a runed translucent gate.
 16506 | Gauntlet | Found a runed translucent gate.
 16508 | Gauntlet | Found a large runed translucent door.
 16509 | Gauntlet | Found a large runed translucent door.
 16515 | Gauntlet | Found a transporter.
 16520 | Gauntlet | Found a large runed translucent door.
 16521 | Gauntlet | Found a large runed translucent door.
 16524 | Gauntlet | Found a runed translucent door.
 16535 | Gauntlet | Found a large runed translucent door.
 16535 | Gauntlet | Found a large runed translucent door.
 16536 | Gauntlet | Found a large runed translucent door.
 16537 | Gauntlet | Found a large runed translucent door.
 16539 | Gauntlet | Found a transporter.
 16572 | Gauntlet | Found a transporter.
 16586 | Gauntlet | Found a transporter.
 16691 | Gauntlet | Found a transporter.
 16712 | Gauntlet | Found a transporter.
 17024 | Gauntlet | Identified the amulet of Kaegaige {Acrobat Str+2}
 17064 | Gauntlet | Killed a cacodemon
 17074 | Gauntlet | Identified the ring "Pieffoah" {Fire rN++ Will- Int+6}
 17122 | Gauntlet | Identified the +9 spear of Disarray {speed, rElec rPois
                  | Str+4}
 17122 | Gauntlet | Noticed a minotaur
 17134 | Gauntlet | Killed a minotaur
 17135 | Gauntlet | Reached skill level 10 in Long Blades
 17137 | Gauntlet | Identified the ring "Gocsyb" {rF+ rC+}
 17458 | Lair:3   | Received a gift from Okawaru
 18484 | Lair:4   | Gained mutation: Your large and strong wings let you fly.
                  | [Gargoyle growth]
 18484 | Lair:4   | Reached XP level 14. HP: 76/86 MP: 19/19
 18784 | Lair:4   | Identified the +0 pair of boots of the Hanged Man {Harm
                  | Str+3 Dex+4} (Okawaru gifted it to you on level 4 of the
                  | Lair of Beasts)
 18784 | Lair:4   | Received a gift from Okawaru
 18810 | Lair:4   | Noticed Nessos
 18818 | Lair:4   | Killed Nessos
 19004 | Lair:4   | Found a staircase to the Snake Pit.
 19454 | Lair:4   | Found a staircase to the Swamp.
 20397 | Lair:6   | Entered Level 6 of the Lair of Beasts
 22486 | Lair:6   | Found the +8 demon trident "Rift" {distort, reach+}
 22492 | Lair:6   | Found a corrupted altar of Lugonu.
 23394 | Lair:6   | Found a staircase to the Slime Pits.
 23735 | Orc:1    | Entered Level 1 of the Orcish Mines
 23735 | Orc:1    | Found a shimmering altar of Xom.
 23846 | Orc:2    | Entered Level 2 of the Orcish Mines
 23861 | Orc:2    | Reached XP level 15. HP: 86/92 MP: 21/21
 23882 | Orc:2    | Found a staircase to the Elven Halls.
 24179 | Orc:2    | Reached skill level 10 in Fighting
 24197 | Orc:2    | Identified the +10 scimitar of Enilazar {flame, Str+2}
                  | (Okawaru gifted it to you on level 2 of the Orcish Mines)
 24197 | Orc:2    | Received a gift from Okawaru
 24238 | Orc:2    | Found Iskotacw's Distillery.
 24308 | Orc:2    | Found Buoresch's Assorted Antiques.
 24557 | Orc:2    | Found Tebosadoy's Assorted Antiques.
 24557 | Orc:2    | Found Tesucom's Book Emporium.
 24567 | Orc:2    | Bought a potion of heal wounds for 130 gold pieces
 24796 | Orc:1    | Noticed Sonja
 24813 | Orc:1    | Killed Sonja
 25067 | Orc:1    | Noticed Erolcha
 25067 | Orc:1    | Paralysed by an orc sorcerer for 7 turns
 25092 | Orc:2    | Killed Erolcha
 25534 | D:12     | Noticed Jorgrun
 25858 | D:12     | Killed Jorgrun
 25955 | D:12     | Identified the +8 quarterstaff "Waqics" {vorpal, Int+6}
 26327 | D:13     | Found Doqa Osi's Magic Scroll Emporium.
 26805 | D:13     | Found a gate to the Vaults.
 27952 | D:15     | Entered Level 15 of the Dungeon
 28113 | D:14     | Reached XP level 16. HP: 66/99 MP: 23/23
 28719 | D:15     | Paralysed by a meliai for 6 turns
 28724 | D:15     | HP: 3/99 [meliai (5)]
 28735 | D:15     | HP: 4/99 [meliai (2)]
 28745 | D:15     | Reached ****** piety under Okawaru
 29000 | D:14     | Acquired a manual of Fighting
 29002 | D:14     | Acquired a +1 kite shield of poison resistance
 29085 | D:15     | Found a staircase to the Depths.
 29244 | D:15     | Found a glowing golden altar of the Shining One.
 29536 | Snake:1  | Entered Level 1 of the Snake Pit
 29538 | Snake:1  | Found Nufapnut's Antique Weapon Emporium.
 29549 | Snake:1  | Found Tuimn's Antique Armour Shoppe.
 29585 | Snake:1  | Identified the +6 longbow of Okawaru's Reproof {venom,
                  | Fragile rF+ Str+4} (Okawaru gifted it to you on level 1 of
                  | the Snake Pit)
 29585 | Snake:1  | Received a gift from Okawaru
 29930 | Snake:1  | Found Aghadezu's Assorted Antiques.
 30784 | Snake:2  | Found Peipnaz's Distillery.
 30870 | Snake:2  | Bought 2 potions of heal wounds for 160 gold pieces
 30881 | Snake:2  | Found Dapufieg's Weapon Emporium.
 30881 | Snake:2  | Found Anuagh's Jewellery Shoppe.
 30884 | Snake:2  | Found Raahul's Antique Weapon Emporium.
 30963 | Snake:2  | Noticed a nagaraja
 30974 | Snake:2  | Killed a nagaraja
 30975 | Snake:2  | Reached skill level 15 in Shields
 30975 | Snake:2  | Reached skill level 10 in Invocations
 31616 | Snake:2  | Received a gift from Okawaru
 31834 | Snake:3  | Noticed a nagaraja
 31850 | Snake:3  | Reached skill level 15 in Armour
 31859 | Snake:3  | Noticed a nagaraja
 31862 | Snake:3  | Killed a nagaraja
 31867 | Snake:3  | Killed a nagaraja
 32335 | Snake:3  | Reached XP level 17. HP: 95/106 MP: 21/24
 33435 | Snake:4  | Entered Level 4 of the Snake Pit
 33505 | Snake:4  | Received a gift from Okawaru
 33777 | Snake:4  | Received a gift from Okawaru
 34196 | Snake:4  | Found a runed translucent gate.
 34196 | Snake:4  | Found a runed translucent gate.
 34196 | Snake:4  | Found a runed translucent gate.
 34208 | Snake:4  | Received a gift from Okawaru
 34394 | Snake:4  | Noticed lunkers's ghost (adept DjCA)
 34394 | Snake:4  | Noticed Bacito's ghost (adept DECj)
 35234 | Snake:4  | Received a gift from Okawaru
 35236 | Snake:4  | Noticed a quicksilver dragon
 35249 | Snake:4  | Killed a quicksilver dragon
 35265 | Snake:4  | Noticed a quicksilver dragon
 35274 | Snake:4  | Killed a quicksilver dragon
 35380 | Snake:4  | Received a gift from Okawaru
 35644 | Snake:4  | Got a serpentine rune of Zot
 35839 | Snake:4  | Killed Bacito's ghost
 35858 | Snake:4  | Killed lunkers's ghost
 35858 | Snake:4  | Identified the +0 scale mail "Kitsa" {Str+2 Int+3} (Okawaru
                  | gifted it to you on level 4 of the Snake Pit)
 35858 | Snake:4  | Received a gift from Okawaru
 36231 | Swamp:1  | Entered Level 1 of the Swamp
 36252 | Swamp:1  | Noticed Roxanne
 36298 | Swamp:1  | Reached XP level 18. HP: 89/114 MP: 24/26
 36307 | Swamp:1  | Found a runed translucent gate.
 36398 | Swamp:1  | Found a runed translucent gate.
 36398 | Swamp:1  | Found a runed translucent gate.
 36400 | Swamp:1  | Noticed Fuubb's ghost (adept OpMo)
 36423 | Swamp:1  | Killed Fuubb's ghost
 36492 | Swamp:1  | Paralysed by a fenstrider witch for 2 turns
 37009 | Swamp:1  | Killed Roxanne
 37630 | Swamp:2  | Noticed Ateukk's ghost (adept MiGl)
 37924 | Swamp:2  | Found a transporter.
 37955 | Swamp:2  | Found a transporter.
 38577 | D:4      | Killed cheechan's ghost
 38679 | D:5      | Killed jsc15's ghost
 38778 | D:8      | Killed jasper's ghost
 39056 | Swamp:3  | Received a gift from Okawaru
 39242 | Swamp:3  | Found a runed translucent door.
 39263 | Swamp:3  | Noticed Timpunn's ghost (journeyman PaAE)
 39794 | Swamp:3  | Killed Timpunn's ghost
 39853 | Swamp:4  | Entered Level 4 of the Swamp
 40163 | Swamp:4  | Identified the +0 pair of boots of Mef Nua {rF++} (Okawaru
                  | gifted it to you on level 4 of the Swamp)
 40163 | Swamp:4  | Received a gift from Okawaru
 40261 | Swamp:4  | Reached skill level 10 in Evocations
 40328 | Swamp:4  | Paralysed by an ogre mage for 6 turns
 40439 | Swamp:4  | Paralysed by a fenstrider witch for 6 turns
 40807 | Swamp:4  | Reached XP level 19. HP: 66/121 MP: 27/27
 40832 | Swamp:4  | Noticed a tentacled monstrosity
 40846 | Swamp:4  | Killed a tentacled monstrosity
 40959 | Swamp:4  | Got a decaying rune of Zot
 41218 | Swamp:4  | Paralysed by a fenstrider witch for 6 turns
 41283 | Swamp:4  | Noticed a tentacled monstrosity
 41298 | Swamp:4  | Killed a tentacled monstrosity
 41427 | Swamp:4  | Identified the +1 chain mail "Kogikacu" {rC+++ rCorr Str+4
                  | Stlth-}
 42057 | Depths:1 | Entered Level 1 of the Depths
 42088 | Depths:1 | Found a hide-covered altar of Uskayaw.
 42093 | Depths:1 | Paralysed by a great orb of eyes for 3 turns
 42258 | Depths:1 | Cast into level 2 of the Abyss (a wizard)
 42322 | Abyss:2  | Found a corrupted altar of Lugonu.
 42415 | Abyss:3  | Identified the +1 fire dragon scales of Undesirable Species
                  | {Harm rPois rF++ rC- Int-3} (Okawaru gifted it to you on
                  | level 3 of the Abyss)
 42415 | Abyss:3  | Received a gift from Okawaru
 42572 | Abyss:3  | Identified the amulet "Vocaur" {RegenMP *Corrode +Blink
                  | rElec rN+++ Stlth+}
 42582 | Depths:1 | Escaped the Abyss
 42635 | Depths:1 | HP: 6/123 [spriggan rider (4)]
 42636 | Depths:1 | Slain by a vampire knight

Illustrated notes

Levels and vault maps discovered:
D:1:      lordsloth_arrival_two_stooges, layout_rooms, solitary_fountain
D:2:      layout_rooms, ebering_ecumenical_altar_webs, grunt_ministairs_5,
          uniq_terence
D:3:      minmay_general_purpose_star, layout_loops_cross, old_standard_altar,
          lemuel_tele_altar, uniq_sigmund, uniq_grinder
D:4:      layout_loops_ring, lemuel_mausoleum_altar_yredelemnul,
          gammafunk_ghost_nasty_kobolds, st_stairs_13, uniq_ijyb, uniq_menkaure,
          uniq_crazy_yiuf_cottage, uniq_eustachio
D:5:      layout_loops_ring, lemuel_crystal_altar, makhleb_blood_cavern_becter,
          chequers_temple_overflow_minitemple, mainiacjoe_overflow_catwalk,
          gammafunk_ghost_arena
D:6:      layout_basic, nicolae_hepliaklqana_hazy_memory, serial_shops,
          kennysheep_mini_moat, serial_bayou_lagoon_a
D:7:      lemuel_ice_spiral_2, layout_basic, kennysheep_little_box,
          general_overflow_altar, temple_fountains
D:8:      layout_loops_ring, gammafunk_ghost_abyssal_escape
D:9:      layout_irregular_city, lair_entry_dummy, orc_0_dummy
D:10:     layout_cave_pools, mainiacjoe_overflow_paths, minivault_10
D:11:     layout_roguey, serial_shops, shop, uniq_harold
D:12:     layout_rooms, minmay_misc_feat_doors, uniq_jorgrun
D:13:     layout_rooms, david_vaults_4, serial_shops, shop
D:14:     layout_gridville, hangedman_decor_slide_cut,
          chequers_serial_rivers_room_a
D:15:     grunt_enter_depths_magical_seal, layout_cross, lemuel_round_altar
Lair:1:   layout_chaotic_city, lemuel_fruit_tree
Lair:2:   layout_layer_cave, basic_altar, serial_bayou_shore_b,
          grunt_megastairs_4, uniq_urug, uniq_nergalle, uniq_fannar
Lair:3:   layout_gridlike, gauntlet_entry_generic,
          chequers_serial_rivers_room_b, chequers_serial_rivers_large_a
Lair:4:   layout_hall_layers, palyth_hydra_swamp_entry,
          guppyfry_snake_entry_garden, minmay_lair_drake_nest,
          grunt_megastairs_1, infiniplex_staircase_pool_2, uniq_nessos
Lair:5:   layout_gridlike, serial_bayou_shore_a
Lair:6:   hellmonk_lair_end_abyssal_woods, layout_cave_pods,
          minmay_slime_entry_pillars
Swamp:1:  nicolae_swamp_long_stream, layout_basic_swamp,
          gammafunk_ghost_hydra_chop, evilmike_swamp_ruin_house_2, swamp_pool1,
          nicolae_swamp_stuck_in_the_mud, uniq_roxanne
Swamp:2:  layout_falls_marsh, gammafunk_ghost_berserking_beasts,
          hangedman_swamp_blocks
Swamp:3:  nicolae_swamp_wrong_neighborhood, layout_basic_swamp,
          ebering_ghost_reflecting_pool, evilmike_swamp_ruin_house_4
Swamp:4:  nzn_swamp_witches_coven, layout_basic_swamp,
          nicolae_swamp_round_clearing, swamp_pool1, cheibrodos_swamp_witchery
Snake:1:  layout_onion, serial_shops, nicolae_lakefront_shop,
          serial_bayou_crossing, minmay_shoptagon
Snake:2:  layout_gridlike, serial_shops, shop, minmay_shop_star,
          grunt_megastairs_2
Snake:3:  layout_chambers, evilmike_ambush [evilmike_ambush_outer_corners,
          evilmike_ambush_inner_wall_1]
Snake:4:  hellmonk_snake_rune_quicksilver_temple, layout_cave_town,
          gammafunk_ghost_cemetery, serial_bayou_ford_a
Orc:1:    layout_diamond_mine, basic_altar, uniq_erolcha, uniq_sonja
Orc:2:    st_orc_ogre_mass, layout_diamond_mine
Depths:1: layout_gridlike, grunt_mini_vestibule, abyss_entry,
          minmay_misc_feat_columns, nrook_uturn, minmay_statues_item,
          minmay_hedge_maze, kennysheep_another_room, minivault_16, drop_trap,
          skrybe_limestone_x, nicolae_uskayaw_dance_hall

Skill      XL: |  1  2  3  4  5  6  7  8  9 10 11 12 13 14 15 16 17 18 19 |
---------------+----------------------------------------------------------+-----
Long Blades    | 2 3 4 5 6 7 8 9 10 11 12 13 14 | 14.8
Armour         | 4 5 6 7 8 10 12 13 14 15 16 17 | 17.6
Shields        | 4 5 6 7 9 10 11 12 13 14 15 16 17 | 17.6
Dodging        | 1 2 3 4 5 6 7 8 9 |  9.7
Fighting       | 4 5 6 7 8 9 10 11 13 14 | 14.8
Invocations    | 1 2 3 4 6 7 8 9 10 11 12 | 12.1
Evocations     | 1 2 3 4 5 6 7 8 9 10 | 10.4

Action                   |  1- 3 |  4- 6 |  7- 9 | 10-12 | 13-15 | 16-18 | 19-21 || total
-------------------------+-------+-------+-------+-------+-------+-------+-------++-------
Melee: Long sword        |    74 |   134 |   533 |       |       |       |       ||   741
       Scimitar          |       |       |    43 |   538 |   553 |  1322 |   330 ||  2786
       Double sword      |       |       |       |       |   840 |       |       ||   840
Invok: Heroism           |       |       |     5 |    10 |    29 |    27 |    10 ||    81
       Finesse           |       |       |       |     2 |    15 |    11 |     6 ||    34
Evoke: Wand              |       |       |     1 |    17 |    20 |       |       ||    38
       Condenser vane    |       |       |       |       |       |     2 |       ||     2
       Tin of tremorston |       |       |       |       |       |     1 |       ||     1
  Use: Scroll            |     2 |     3 |     7 |     8 |     8 |     6 |       ||    34
       Potion            |       |     1 |     1 |     1 |     4 |     4 |     6 ||    17
 Stab: Petrifying        |       |       |       |       |     1 |       |       ||     1
       Petrified         |       |       |       |       |     1 |       |       ||     1
Armor: Scale mail        |    39 |    66 |   214 |       |       |       |       ||   319
       Chain mail        |       |       |   140 |   356 |   497 |       |       ||   993
       Plate armour      |       |       |       |       |   259 |   719 |   157 ||  1135
Dodge: Dodged            |    34 |    64 |   258 |   237 |   535 |   356 |    68 ||  1552
Block: Buckler           |    17 |    27 |   153 |   166 |   822 |    35 |       ||  1220
       Reflection        |       |       |       |     3 |    22 |    91 |     3 ||   119
       Kite shield       |       |       |       |       |       |  1024 |   195 ||  1219

Table legend: (Time is in decaauts)
 A = Elapsed time spent in this place.
 B = Non-inter-level travel time spent in this place.
 C = Inter-level travel time spent in this place.
 D = Time resting spent in this place.
 E = Time spent auto-exploring this place.
 F = Levels seen in this place.
 G = Mean time per level.
                   A        B        C        D        E       F      G
               +--------+--------+--------+--------+--------+-----+--------+
         Total |  41893 |  39093 |   2800 |   2105 |  28489 |  35 | 1196.9 |
       Dungeon |  17575 |  16224 |   1351 |   1118 |  11653 |  15 | 1171.7 |
          Lair |  10435 |   9554 |    881 |      3 |   7951 |   6 | 1739.2 |
         Swamp |   4732 |   4443 |    289 |    189 |   3114 |   4 | 1183.0 |
     Snake Pit |   6421 |   6212 |    209 |    472 |   4479 |   4 | 1605.2 |
  Orcish Mines |   1591 |   1523 |     68 |    209 |    928 |   2 |  795.5 |
        Depths |    217 |    217 |      0 |      0 |     95 |   1 |  217.0 |
         Abyss |    247 |    247 |      0 |      0 |      0 |   2 |  123.5 |
      Gauntlet |    670 |    670 |      0 |    113 |    267 |   1 |  670.0 |
               +--------+--------+--------+--------+--------+-----+--------+

Top non-repeatable levels by time:
  Lair:6: 2899 daAuts
  Lair:2: 2346 daAuts
 Snake:4: 2242 daAuts
     D:4: 2234 daAuts
     D:9: 1907 daAuts
 Swamp:4: 1782 daAuts
  Lair:4: 1729 daAuts
 Snake:3: 1652 daAuts
    D:14: 1569 daAuts
     D:6: 1521 daAuts
    D:11: 1474 daAuts
  Lair:1: 1381 daAuts
     D:5: 1372 daAuts
  Lair:3: 1271 daAuts
 Snake:1: 1266 daAuts
